 Dungeon Crawl Stone Soup version 0.27-a0-1149-g4505690ab0 (webtiles) character file.

Game seed: 4533030254604031132

303 leviel the Cleaver (level 6, 0/51 HPs)
             Began as a Minotaur Monk on May 13, 2021.
             Was a Priest of the Shining One.
             Succumbed to a hornet's poison
             ... on level 5 of the Dungeon.
             The game lasted 00:03:09 (3284 turns).

leviel the Cleaver (Minotaur Monk)                  Turns: 3284, Time: 00:03:09

Health: 0/51       AC:  3    Str: 18    XL:     6   Next: 15%
Magic:  3/5        EV: 12    Int:  7    God:    the Shining One [***...]
Gold:   100        SH:  6    Dex: 12    Spells: 5/5 levels left

rFire    . . .     SeeInvis .   a - +0 hand axe
rCold    . . .     Faith    .   (no shield)
rNeg     + . .     Spirit   .   b - +0 robe
rPois    .         Reflect  .   (helmet restricted)
rElec    .         Harm     .   (no cloak)
rCorr    .         Rampage  .   d - +0 pair of gloves
Will     .....                  (no boots)
Stlth    +.........             (no amulet)
HPRegen  0.17/turn              (no ring)
MPRegen  0.09/turn              (no ring)

@: lethally poisoned (0 -> -1), divinely shielded, slowed, glowing, very slow
A: horns 2, retaliatory headbutt
a: Renounce Religion, Divine Shield


You were on level 5 of the Dungeon.
You worshipped the Shining One.
The Shining One was most pleased with you.
You visited 1 branch of the dungeon, and saw 5 of its levels.

You collected 100 gold pieces.

Inventory:

Hand Weapons
 a - a +0 hand axe (weapon)
Armour
 b - a +0 robe (worn)
 d - a +0 pair of gloves (worn)
Jewellery
 e - a ring of magical power
 h - a +4 ring of slaying
 m - a ring of poison resistance
Scrolls
 c - 2 scrolls of amnesia {unknown}
 f - 4 scrolls of identify {unknown}
 g - a scroll of immolation {unknown}
 j - a scroll of noise {unknown}
 k - a scroll of silence {unknown}


   Skills:
 - Level 3.6 Fighting
 * Level 8.4 Axes
 - Level 3.2 Dodging
 - Level 1.5 Stealth


You had 5 spell levels left.
You didn't know any spells.
Your spell library contained the following spells:

 Spells                   Type           Power      Damage    Failure   Level
 Freeze                   Ice            0%         1d3       43%         1
 Frozen Ramparts          Ice            0%         1d2       80%         3
 Ozocubu's Armour         Ice            0%         N/A       80%         3
 Hailstorm                Conj/Ice       0%         3d3       99%         4
 Metabolic Englaciation   Hex/Ice        0%         N/A       100%        5


Dungeon Overview and Level Annotations

Branches:
Dungeon (6/15)
 Temple: D:4-7

Altars:
The Shining One


Innate Abilities, Weirdness & Mutations

You have a pair of horns on your head.
You reflexively headbutt those who attack you in melee.


Message History

The hornet stings you!
You are poisoned.
You feel yourself slow down.
Unknown command.
You hit the hornet but do no damage.
The hornet is moderately wounded.
You feel yourself speed up.
You feel very sick. The hornet closely misses you. The hornet stings you!
You feel yourself slow down.
Unknown command.
You hit the hornet.
The hornet is moderately wounded.
You feel sick. You block the hornet's attack. x2
Unknown command.
You hit the hornet. Your headbutt misses the hornet.
The hornet is heavily wounded.
You feel yourself speed up.
You feel sick. The hornet misses you. You furiously retaliate!
You headbutt the hornet, but do no damage.
The hornet stings you!
* * * LOW HITPOINT WARNING * * *
You feel yourself slow down.
You hit the hornet but do no damage. You headbutt the hornet.
The hornet is severely wounded.
You feel sick.
The hornet stings you but does no damage.
The hornet stings you!
* * * LOW HITPOINT WARNING * * *
You feel as though you will be slow longer.
You hit the hornet.
The hornet is severely wounded.
* * * LOW HITPOINT WARNING * * *
You feel sick. The hornet stings you! The Shining One protects you from harm!
You feel as though you will be slow longer.
You block the hornet's attack.
You barely miss the hornet. Your headbutt misses the hornet.
The hornet is severely wounded.
You die...

...#.. #.#
#.#.###########(#
# #
#...............#
.. #.
###.####.#......#
#.#.####.##
#...####.#
#.....#...####.##
#.#
#......#.#.###.#
#)#
#..............#
#.#
#....y@#.#.#####
#># .......#...##
#.# #########.##
#.#
#.###########.#
#.............#
###############


You could see a hornet.

Vanquished Creatures
  Sigmund (D:2)
  An orc priest (D:5)
  A bullfrog skeleton (D:6)
  An orc wizard (D:5)
  A gnoll (D:1)
  A worm (D:2)
  A dart slug (D:2)
  An orc (D:5)
  4 bats
  3 endoplasms
  4 giant cockroaches
  4 goblins
  3 hobgoblins
  5 jackals (D:2)
  2 kobolds
  5 quokkas
  7 ball pythons
  5 rats
50 creatures vanquished.

Vanquished Creatures (others)
  13 plants (D:2)
13 creatures vanquished.

Grand Total: 63 creatures vanquished

Notes
Turn   | Place    | Note
-------+----------+-------------------------------------------
     0 | D:1      | leviel the Minotaur Monk began the quest for the Orb.
     0 | D:1      | Reached XP level 1. HP: 19/19 MP: 0/0
    25 | D:1      | Reached skill level 4 in Axes
    41 | D:1      | Reached XP level 2. HP: 8/26 MP: 1/1
   277 | D:1      | Found a faded altar of an unknown god.
   332 | D:1      | Became a worshipper of the Shining One
   332 | D:1      | Reached * piety under the Shining One
   332 | D:1      | Reached ** piety under the Shining One
   839 | D:1      | Reached skill level 5 in Axes
  1170 | D:2      | Reached XP level 3. HP: 31/31 MP: 2/2
  1278 | D:2      | Reached *** piety under the Shining One
  1417 | D:2      | Noticed Sigmund
  1441 | D:2      | Killed Sigmund
  1442 | D:2      | Reached skill level 7 in Axes
  1442 | D:2      | Reached XP level 4. HP: 21/39 MP: 3/3
  1442 | D:2      | Reached XP level 5. HP: 25/45 MP: 4/4
  2737 | D:3      | You fall into a shaft and drop 3 floors!
  2768 | D:6      | Reached skill level 8 in Axes
  2777 | D:5      | Entered Level 5 of the Dungeon
  2789 | D:5      | Reached XP level 6. HP: 32/51 MP: 5/5
  3271 | D:5      | Noticed a hornet
  3282 | D:5      | HP: 2/51 [hornet (8)]
  3283 | D:5      | The Shining One protects you from harm!
  3284 | D:5      | Succumbed to a hornet's poison

Illustrated notes

Levels and vault maps discovered:
D:1:      erik_arrival_cave_to_civilisation [erik_arrival_cave_to_hall],
          layout_basic, hellmonk_ecumenical_altar_pennies_from_heaven
D:2:      mumra_celtic_spiral_tile, layout_loops_ring, serial_forest,
          infiniplex_forest_end_2, infiniplex_forest_clump_curved,
          infiniplex_forest_diagonal, infiniplex_forest_clump_diagonal,
          infiniplex_forest_corner_2, infiniplex_forest_fountain,
          infiniplex_forest_clump_double, infiniplex_forest_diagonal,
          infiniplex_forest_lined_1, minmay_split_cup_small, uniq_sigmund
D:3:      minmay_chambers_of_twos, layout_basic
D:5:      layout_loops_ring, minmay_temple_entry_offerings, nrook_loot_triangle,
          hangedman_decor_clover_reticule, uniq_blork_the_orc
D:6:      layout_gridville, serial_shops, shop, nrook_mini_backslash,
          kennysheep_small_square

Skill      XL: |  1  2  3  4  5 |
---------------+----------------+-----
Axes           | 4 5 7 8 |  8.4
Fighting       | |  3.6
Dodging        | |  3.2
Stealth        | |  1.5

Action                   |  1- 3 |  4- 6 || total
-------------------------+-------+-------++-------
Melee: Hand axe          |    65 |    64 ||   129
       Headbutt          |     7 |     9 ||    16
Invok: Divine Shield     |       |     1 ||     1
  Use: Potion            |     2 |     2 ||     4
 Stab: Sleeping          |     1 |       ||     1
Armor: Robe              |     9 |     8 ||    17
Dodge: Dodged            |    38 |    35 ||    73
Block: Other             |       |     5 ||     5

Table legend: (Time is in decaauts)
 A = Elapsed time spent in this place.
 B = Non-inter-level travel time spent in this place.
 C = Inter-level travel time spent in this place.
 D = Time resting spent in this place.
 E = Time spent auto-exploring this place.
 F = Levels seen in this place.
 G = Mean time per level.
                   A        B        C        D        E       F      G
               +--------+--------+--------+--------+--------+-----+--------+
         Total |   3271 |   3177 |     94 |    634 |   2259 |   5 |  654.2 |
       Dungeon |   3271 |   3177 |     94 |    634 |   2259 |   5 |  654.2 |
               +--------+--------+--------+--------+--------+-----+--------+

Top non-repeatable levels by time:
     D:2: 1518 daAuts
     D:1: 1155 daAuts
     D:5: 506 daAuts
     D:3: 50 daAuts
     D:6: 39 daAuts
